[Event "42nd Olympiad Baku 2016 Open"]
[Site "Baku"]
[Date "2016.09.05"]
[Round "4.1"]
[White "Saric, Ivan"]
[Black "Munkhgal, Gombosuren"]
[Result "1/2-1/2"]
[ECO "C11"]
[WhiteElo "2668"]
[BlackElo "2446"]
[Annotator ""]
[PlyCount "57"]
[EventDate "2016.??.??"]
[EventCountry "AZE"]
[SourceTitle "playchess.com"]
[Source "ChessBase"]
[WhiteTeam "Croatia"]
[BlackTeam "Mongolia"]
[WhiteTeamCountry "CRO"]
[BlackTeamCountry "MGL"]
[TimeControl "40/5400+30:1800+30"]

1. e4 {(00:00)} e6 {(00:00)} 2. d4 {(00:00)} d5 {(
00:00)} 3. Nc3 {(00:00)} Nf6 {(00:28)} 4. e5 {(00:00)}
Nfd7 {(02:33)} 5. f4 {(00:00)} c5 {(00:05)} 6. Nf3 {
(00:01)} Nc6 {(00:07)} 7. Be3 {(00:04)} a6 {(00:52]
} 8. Qd2 {(00:05)} b5 {(00:14)} 9. dxc5 {(00:15)} Bxc5 {
(00:22)} 10. Bd3 {(00:15)} Qb6 {(00:36)} 11. Bf2 {(
00:07)} Bxf2+ {(01:20)} 12. Qxf2 {(00:05)} Qxf2+ {(12:24)}
13. Kxf2 {(00:33)} O-O {(01:56)} 14. Ne2 {(09:45)} f6 {
(06:24)} 15. exf6 {(00:04)} gxf6 {(02:25)} 16. Ned4 {
(04:20)} Nxd4 {(00:40)} 17. Nxd4 {(00:03)} Nc5 {(
01:17)} 18. b4 {(00:11)} Na4 {(02:18)} 19. Rhe1 {(14:15)}
e5 {(00:41)} 20. Nc6 {(00:05)} Rf7 {(02:53)} 21. fxe5 {
(03:47)} fxe5+ {(01:35)} 22. Ke3 {(02:29)} Bb7 {(
05:27)} 23. Nxe5 {(02:07)} Re8 {(00:15)} 24. Kd2 {(07:00)}
Rf2+ {(00:16)} 25. Ke3 {(00:09)} Rf6 {(07:15)} 26. Kd2 {
(01:03)} Rf2+ {(00:35)} 27. Ke3 {(02:49)} Rf6 {(00:
48)} 28. Kd2 {(00:15)} Rf2+ {(00:06)} 29. Ke3 1/2-1/2

[Event "42nd Olympiad Baku 2016 Open"]
[Site "Baku"]
[Date "2016.09.05"]
[Round "4.32"]
[White "Sebenik, Matej"]
[Black "Markovic, Miroslav"]
[Result "1/2-1/2"]
[ECO "E62"]
[WhiteElo "2526"]
[BlackElo "2459"]
[Annotator ""]
[PlyCount "63"]
[EventDate "2016.??.??"]
[EventCountry "AZE"]
[SourceTitle "playchess.com"]
[Source "ChessBase"]
[WhiteTeam "Slovenia"]
[BlackTeam "Serbia"]
[WhiteTeamCountry "SLO"]
[BlackTeamCountry "SRB"]
[TimeControl "40/5400+30:1800+30"]

1. d4 {(00:00)} d6 {(00:00)} 2. Nf3 {(00:00)} g6 {(
00:00)} 3. c4 {(00:00)} Bg7 {(00:04)} 4. Nc3 {(00:07)} Nf6
{(02:46)} 5. g3 {(00:30)} O-O {(00:23)} 6. Bg2 {(
00:06)} Nc6 {(00:54)} 7. O-O {(00:26)} Bg4 {(00:11)} 8. d5
{(01:35)} Na5 {(00:43)} 9. Nd2 {(00:43)} c5 {(00:
22)} 10. Qc2 {(00:33)} Qd7 {(08:58)} 11. b3 {(02:51)} Bh3
{(03:34)} 12. Bb2 {(00:23)} Bxg2 {(01:04)} 13. Kxg2 {
(00:06)} e5 {(08:17)} 14. dxe6 {(03:51)} fxe6 {(02:
26)} 15. Nce4 {(03:13)} Ne8 {(01:00)} 16. Bxg7 {(19:06)}
Qxg7 {(00:04)} 17. Rad1 {(00:08)} Nc6 {(00:51)} 18. f4 {
(09:30)} b6 {(15:36)} 19. Nf3 {(01:54)} Qe7 {(01:
46)} 20. Nc3 {(14:10)} Nf6 {(02:41)} 21. e4 {(00:26)} e5 {
(00:26)} 22. Nd5 {(02:21)} Qg7 {(04:50)} 23. Qd3 {(
07:53)} Nd4 {(01:40)} 24. fxe5 {(12:24)} dxe5 {(00:16)}
25. Rde1 {(01:07)} Rae8 {(02:50)} 26. Nd2 {(02:34)} g5 {
(05:05)} 27. Nf3 {(05:50)} Qg6 {(11:54)} 28. Nxd4 {
(07:38)} cxd4 {(01:06)} 29. Rxf6 {(01:40)} Rxf6 {(
00:27)} 30. Nxf6+ {(00:03)} Qxf6 {(00:19)} 31. Rf1 {(00:
02)} Qe7 {(02:17)} 32. Rf5 {(00:07)} 1/2-1/2

[Event "42nd Olympiad Baku 2016 Open"]
[Site "Baku"]
[Date "2016.09.05"]
[Round "4.27"]
[White "Seitaj, Ilir"]
[Black "Rahman, Ziaur"]
[Result "0-1"]
[ECO "B08"]
[WhiteElo "2374"]
[BlackElo "2512"]
[Annotator ""]
[PlyCount "144"]
[EventDate "2016.??.??"]
[EventCountry "AZE"]
[SourceTitle "playchess.com"]
[Source "ChessBase"]
[WhiteTeam "Albania"]
[BlackTeam "Bangladesh"]
[WhiteTeamCountry "ALB"]
[BlackTeamCountry "BAN"]
[TimeControl "40/5400+30:1800+30"]

1. e4 {(00:00)} g6 {(00:00)} 2. d4 {(00:00)} Bg7 {(
00:27)} 3. Nc3 {(00:00)} d6 {(01:13)} 4. Nf3 {(00:00)} Nf6
{(01:18)} 5. Be2 {(00:09)} O-O {(00:09)} 6. O-O {(
00:05)} c6 {(00:13)} 7. a4 {(00:27)} Qc7 {(00:44)} 8. Re1
{(01:01)} Nbd7 {(02:55)} 9. Bg5 {(01:54)} h6 {(02:
51)} 10. Be3 {(03:44)} e5 {(03:28)} 11. dxe5 {(00:37)}
dxe5 {(00:32)} 12. h3 {(00:10)} Nh5 {(22:50)} 13. Qd2 {
(02:25)} Nf4 {(03:12)} 14. Bf1 {(01:10)} g5 {(08:
39)} 15. Rad1 {(01:30)} Re8 {(01:15)} 16. h4 {(15:50)} g4
{(03:14)} 17. Nh2 {(00:20)} h5 {(00:08)} 18. Bc4 {(
05:02)} Nb6 {(03:35)} 19. Bb3 {(00:08)} Be6 {(00:55)} 20.
Bxe6 {(03:31)} Nxe6 {(00:39)} 21. b3 {(02:31)} Qe7 {
(01:28)} 22. Bxb6 {(11:17)} axb6 {(00:25)} 23. Ne2 {
(03:15)} Qxh4 {(02:47)} 24. Nf1 {(00:51)} Rad8 {(
01:45)} 25. Qc1 {(02:00)} Qf6 {(02:56)} 26. Neg3 {(00:50)}
Bh6 {(01:34)} 27. Qb2 {(01:10)} Ng7 {(03:38)} 28. Qc3 {
(01:50)} h4 {(01:23)} 29. Ne2 {(04:01)} Ne6 {(07:
28)} 30. Nh2 {(00:56)} Qg5 {(00:55)} 31. f3 {(00:52)} Nd4
{(04:50)} 32. Nxd4 {(02:58)} exd4 {(00:12)} 33. Qd3 {
(02:17)} g3 {(02:55)} 34. Ng4 {(00:12)} Bg7 {(00:
15)} 35. Re2 {(04:48)} c5 {(07:35)} 36. e5 {(02:03)} Rc8 {
(02:28)} 37. Re4 {(02:37)} Rc6 {(01:17)} 38. Rf1 {(
05:55)} Kf8 {(01:03)} 39. Qe2 {(01:24)} Qf5 {(02:23)} 40.
Re1 {(00:00)} Ree6 {(00:00)} 41. Qb5 {(09:40)} Bh6 {
(07:09)} 42. Qd3 {(01:48)} Bg5 {(02:58)} 43. Rxd4 {
(03:36)} Qxd3 {(00:17)} 44. Rxd3 {(00:10)} f5 {(01:
28)} 45. f4 {(03:35)} c4 {(01:49)} 46. Rd4 {(07:42)} cxb3
{(02:10)} 47. cxb3 {(00:06)} Be7 {(03:04)} 48. Ne3 {
(00:29)} Bc5 {(00:15)} 49. Rc4 {(05:33)} Rg6 {(02:
23)} 50. Kf1 {(08:35)} Bxe3 {(00:11)} 51. Rxe3 {(02:50)}
Rxc4 {(01:15)} 52. bxc4 {(00:06)} Rg4 {(00:05)} 53. Rf3 {
(00:19)} Ke7 {(00:04)} 54. Kg1 {(02:47)} Ke6 {(00:
38)} 55. Rf1 {(00:58)} Kd7 {(00:22)} 56. Rf3 {(02:43)} Kc6
{(00:11)} 57. Rf1 {(01:50)} Rg8 {(04:24)} 58. Rd1 {
(00:35)} Ra8 {(00:49)} 59. Rd6+ {(01:09)} Kc5 {(00:
32)} 60. Rh6 {(00:23)} Rxa4 {(01:06)} 61. Kf1 {(00:06)}
Kd4 {(01:42)} 62. Rd6+ {(03:41)} Ke3 {(00:31)} 63. Rd1 {
(00:05)} Ra8 {(01:01)} 64. e6 {(00:38)} Kxf4 {(00:
22)} 65. e7 {(00:12)} Re8 {(00:05)} 66. Rd7 {(00:12)} Ke3
{(01:39)} 67. Rxb7 {(01:16)} f4 {(00:18)} 68. Ra7 {
(00:51)} h3 {(01:02)} 69. gxh3 {(00:26)} f3 {(00:
06)} 70. Ra1 {(00:44)} g2+ {(01:59)} 71. Kg1 {(00:20)} Kf4
{(00:04)} 72. Kf2 {(02:06)} Rxe7 {(00:05)} 0-1

[Event "42nd Olympiad Baku 2016 Open"]
[Site "Baku"]
[Date "2016.09.05"]
[Round "4.20"]
[White "Semedo, Adelino"]
[Black "Yamada, Kohei"]
[Result "0-1"]
[ECO "D30"]
[WhiteElo "1671"]
[BlackElo "2100"]
[Annotator ""]
[PlyCount "118"]
[EventDate "2016.??.??"]
[EventCountry "AZE"]
[SourceTitle "playchess.com"]
[Source "ChessBase"]
[WhiteTeam "STP"]
[BlackTeam "Japan"]
[BlackTeamCountry "JPN"]
[TimeControl "40/5400+30:1800+30"]

1. d4 {(00:00)} d5 {(00:00)} 2. c4 {(00:00)} e6 {(
00:00)} 3. Nf3 {(00:00)} Nf6 {(00:00)} 4. cxd5 {(00:19)}
exd5 {(00:01)} 5. Bg5 {(00:28)} Be7 {(00:36)} 6. Nc3 {
(00:52)} c6 {(00:17)} 7. Qc2 {(00:39)} g6 {(04:39)}
8. e3 {(02:40)} Bf5 {(01:20)} 9. Qb3 {(02:02)} Qb6 {
(06:18)} 10. Qxb6 {(06:23)} axb6 {(00:13)} 11. Nh4 {
(12:34)} Be6 {(01:32)} 12. Bd3 {(02:29)} h6 {(08:
37)} 13. Bf4 {(05:30)} Nbd7 {(02:19)} 14. Nf3 {(02:56)}
Nh5 {(04:25)} 15. Bc7 {(03:04)} Rc8 {(01:44)} 16. Be5 {
(03:48)} Nxe5 {(01:10)} 17. Nxe5 {(00:02)} Ra8 {(
06:51)} 18. h3 {(02:34)} Nf6 {(00:42)} 19. f4 {(02:28)}
Nd7 {(09:07)} 20. Nf3 {(01:18)} h5 {(18:23)} 21. Ng5 {
(05:20)} Bf5 {(04:43)} 22. Kd2 {(08:51)} b5 {(03:
10)} 23. a3 {(02:42)} Nb6 {(02:00)} 24. Bxf5 {(06:33)}
Nc4+ {(00:58)} 25. Kd3 {(02:31)} gxf5 {(00:08)} 26. Rab1 {
(01:15)} h4 {(02:21)} 27. Nf3 {(00:28)} Kd7 {(02:
04)} 28. Ne5+ {(00:26)} Ke6 {(00:11)} 29. Nxc4 {(01:53)}
bxc4+ {(00:09)} 30. Ke2 {(01:27)} b5 {(02:00)} 31. Kf3 {
(01:22)} Rhb8 {(05:15)} 32. g3 {(00:48)} b4 {(01:
14)} 33. axb4 {(00:05)} Rxb4 {(00:06)} 34. g4 {(02:22)}
Rab8 {(02:39)} 35. Rh2 {(00:10)} Rb3 {(00:37)} 36. Rc2 {
(00:20)} Bf6 {(02:25)} 37. Nd1 {(00:44)} Bxd4 {(00:
52)} 38. gxf5+ {(00:45)} Kxf5 {(00:17)} 39. Rg2 {(00:20)}
Bf6 {(00:32)} 40. Ra1 {(00:00)} Ke6 {(00:00)} 41. Ra6 {
(04:20)} R8b6 {(18:48)} 42. Rxb6 {(02:12)} Rxb6 {(
00:09)} 43. Nc3 {(05:38)} Kf5 {(03:49)} 44. Rd2 {(03:29)}
Bxc3 {(09:12)} 45. bxc3 {(00:02)} Rb3 {(00:11)} 46. Rc2 {
(00:36)} f6 {(00:14)} 47. Rc1 {(09:54)} Rb2 {(00:
34)} 48. Ra1 {(03:32)} Rh2 {(00:37)} 49. Ra6 {(01:32)}
Rxh3+ {(00:13)} 50. Kf2 {(00:08)} Ke4 {(00:42)} 51. Rxc6 {
(00:15)} Rf3+ {(00:34)} 52. Kg2 {(01:21)} h3+ {(01:
34)} 53. Kh2 {(00:08)} Kxe3 {(00:51)} 54. Rxf6 {(00:22)}
Rxf4 {(01:03)} 55. Rh6 {(01:54)} Rf3 {(01:54)} 56. Rh4 {
(00:49)} Kd2 {(00:16)} 57. Rh5 {(00:49)} Rd3 {(00:
19)} 58. Rf5 {(01:01)} Kxc3 {(00:13)} 59. Rf7 {(00:18)}
Kc2 {(00:12)} 0-1

[Event "42nd Olympiad Baku 2016 Open"]
[Site "Baku"]
[Date "2016.09.05"]
[Round "4.32"]
[White "Shaker, Musab"]
[Black "Valenzuela Fuentealba, Luis"]
[Result "0-1"]
[ECO "A46"]
[WhiteElo "1726"]
[BlackElo "2439"]
[Annotator ""]
[PlyCount "87"]
[EventDate "2016.??.??"]
[EventCountry "AZE"]
[SourceTitle "playchess.com"]
[Source "ChessBase"]
[WhiteTeam "Brunei"]
[BlackTeam "Chile"]
[WhiteTeamCountry "BRN"]
[BlackTeamCountry "CHI"]
[TimeControl "40/5400+30:1800+30"]

1. d4 {(00:00)} Nf6 {(00:00)} 2. Nf3 {(00:00)} e6 {
(01:13)} 3. Bf4 {(00:00)} b6 {(00:17)} 4. e3 {(00:
00)} Bb7 {(00:12)} 5. Bd3 {(00:10)} c5 {(00:28)} 6. c3 {
(00:39)} Be7 {(00:15)} 7. Nbd2 {(01:16)} O-O {(00:
28)} 8. h3 {(01:44)} Nc6 {(06:10)} 9. O-O {(02:38)} a6 {
(02:27)} 10. e4 {(08:17)} d6 {(02:22)} 11. Qe2 {(
02:48)} cxd4 {(05:00)} 12. cxd4 {(00:34)} Nb4 {(00:33)}
13. Bb1 {(05:53)} a5 {(07:03)} 14. a3 {(04:04)} Ba6 {
(02:07)} 15. Nc4 {(17:38)} d5 {(24:31)} 16. exd5 {(
05:17)} Rc8 {(15:25)} 17. axb4 {(04:30)} Bxc4 {(00:15)}
18. Bd3 {(00:49)} Bxd3 {(01:40)} 19. Qxd3 {(00:26)} Nxd5 {
(00:06)} 20. Bd2 {(04:07)} Nxb4 {(01:54)} 21. Bxb4 {
(03:12)} Bxb4 {(00:06)} 22. Rac1 {(01:26)} Qd6 {(
10:41)} 23. Ng5 {(05:32)} g6 {(00:19)} 24. Ne4 {(09:05)}
Qf4 {(01:01)} 25. g3 {(03:20)} Qf5 {(01:45)} 26. Kg2 {
(02:24)} Be7 {(00:41)} 27. Qe3 {(01:46)} h5 {(00:
59)} 28. h4 {(00:54)} Rfd8 {(01:12)} 29. Rxc8 {(04:13)}
Rxc8 {(00:02)} 30. Nc3 {(01:12)} Bf6 {(06:21)} 31. Rd1 {
(02:31)} Rd8 {(01:15)} 32. Kg1 {(07:12)} Qg4 {(01:
18)} 33. Rd3 {(02:02)} Rxd4 {(02:40)} 34. Rxd4 {(00:35)}
Bxd4 {(01:08)} 35. Qd3 {(00:33)} Bxc3 {(01:39)} 36. Qxc3 {
(00:30)} Qd1+ {(00:12)} 37. Kg2 {(00:20)} Qd5+ {(
00:07)} 38. Kf1 {(00:47)} a4 {(00:35)} 39. Qc8+ {(00:25)}
Kg7 {(01:28)} 40. Qc3+ {(00:00)} e5 {(00:00)} 41. f4 {
(05:23)} Qd4 {(03:50)} 42. Qc1 {(07:00)} b5 {(01:
16)} 43. Ke2 {(10:33)} e4 {(03:50)} 44. f5 {(03:28)} 0-1

[Event "42nd Olympiad Baku 2016 Open"]
[Site "Baku"]
[Date "2016.09.05"]
[Round "4.18"]
[White "Shaw, John"]
[Black "Ipatov, Alexander"]
[Result "0-1"]
[ECO "B00"]
[WhiteElo "2454"]
[BlackElo "2652"]
[Annotator ""]
[PlyCount "126"]
[EventDate "2016.??.??"]
[EventCountry "AZE"]
[SourceTitle "playchess.com"]
[Source "ChessBase"]
[WhiteTeam "Scotland"]
[BlackTeam "Turkey"]
[WhiteTeamCountry "SCO"]
[BlackTeamCountry "TUR"]
[TimeControl "40/5400+30:1800+30"]

1. e4 {(00:00)} b6 {(00:22)} 2. d4 {(00:54)} Bb7 {(
00:05)} 3. Bd3 {(00:23)} g6 {(00:03)} 4. Nf3 {(01:10)} Bg7
{(00:14)} 5. O-O {(00:42)} d6 {(01:04)} 6. Re1 {(
03:43)} Nd7 {(00:52)} 7. a4 {(05:45)} a6 {(00:48)} 8. Nbd2
{(01:44)} e6 {(01:28)} 9. Nf1 {(00:48)} Ne7 {(03:
52)} 10. Ng3 {(00:18)} O-O {(01:43)} 11. Be3 {(10:50)} e5
{(04:32)} 12. c3 {(04:06)} Kh8 {(02:44)} 13. dxe5 {
(15:40)} Nxe5 {(05:40)} 14. Nxe5 {(02:58)} Bxe5 {(
00:10)} 15. Qd2 {(09:24)} Ng8 {(06:48)} 16. Rad1 {(03:25)}
Bc6 {(05:27)} 17. Bc2 {(02:33)} Qe8 {(02:02)} 18. f4 {
(02:07)} Bg7 {(00:16)} 19. Bd4 {(01:16)} f6 {(01:
07)} 20. b3 {(03:24)} Nh6 {(00:47)} 21. c4 {(01:27)} Nf7 {
(00:52)} 22. Qc3 {(01:49)} Qe7 {(04:01)} 23. a5 {(
04:19)} bxa5 {(04:39)} 24. Qxa5 {(00:27)} Nd8 {(00:09)}
25. e5 {(09:48)} fxe5 {(02:37)} 26. fxe5 {(00:20)} Re8 {
(00:17)} 27. Re2 {(08:46)} Nb7 {(13:20)} 28. Qa1 {(
03:02)} Bxe5 {(08:47)} 29. Bxe5+ {(00:09)} dxe5 {(00:03)}
30. Rde1 {(00:19)} Qc5+ {(02:18)} 31. Kh1 {(00:11)} Qd4 {
(00:19)} 32. Rxe5 {(00:37)} Qxa1 {(00:03)} 33. Rxe8+ {
(00:12)} Rxe8 {(00:01)} 34. Rxa1 {(00:09)} a5 {(00:
03)} 35. Kg1 {(02:05)} Kg7 {(00:06)} 36. Kf2 {(01:07)} Kf6
{(01:41)} 37. Rd1 {(01:23)} Nc5 {(03:32)} 38. Ra1 {
(00:37)} Re5 {(03:16)} 39. Rd1 {(00:46)} Re8 {(04:
27)} 40. Ra1 {(00:00)} Ra8 {(00:00)} 41. Ne2 {(03:53)} Ke5
{(02:15)} 42. g3 {(03:04)} Be4 {(01:05)} 43. Bxe4 {
(02:55)} Kxe4 {(00:16)} 44. Ra3 {(01:25)} c6 {(04:
59)} 45. h4 {(03:58)} Nd3+ {(03:10)} 46. Kg2 {(00:31)} Rf8
{(08:20)} 47. Nf4 {(10:21)} Nxf4+ {(00:49)} 48. gxf4 {
(00:08)} Rf5 {(00:03)} 49. Ra4 {(03:24)} Kd3 {(01:
46)} 50. c5 {(03:05)} Rxc5 {(00:04)} 51. b4 {(00:13)} axb4
{(01:46)} 52. Rxb4 {(00:04)} Rh5 {(01:40)} 53. Kg3 {
(00:39)} c5 {(00:04)} 54. Rb7 {(00:20)} c4 {(00:47]
} 55. Rd7+ {(00:05)} Ke4 {(02:07)} 56. Re7+ {(01:59)} Kd4
{(00:55)} 57. Rd7+ {(00:20)} Kc5 {(04:41)} 58. Rc7+ {
(00:47)} Kb5 {(00:21)} 59. Kg4 {(00:29)} Rc5 {(00:
04)} 60. Rxh7 {(00:33)} c3 {(00:02)} 61. Rb7+ {(02:25)}
Kc4 {(00:07)} 62. Rb1 {(00:05)} c2 {(00:08)} 63. Rc1 {
(00:03)} Kc3 {(00:16)} 0-1

[Event "42nd Olympiad Baku 2016 Open"]
[Site "Baku"]
[Date "2016.09.05"]
[Round "4.2"]
[White "Shengelia, David"]
[Black "Cawdery, Daniel"]
[Result "0-1"]
[ECO "D70"]
[WhiteElo "2573"]
[BlackElo "2416"]
[Annotator ""]
[PlyCount "64"]
[EventDate "2016.??.??"]
[EventCountry "AZE"]
[SourceTitle "playchess.com"]
[Source "ChessBase"]
[WhiteTeam "Austria"]
[BlackTeam "South Africa"]
[WhiteTeamCountry "AUT"]
[BlackTeamCountry "RSA"]
[TimeControl "40/5400+30:1800+30"]

1. d4 {(00:00)} Nf6 {(00:00)} 2. c4 {(00:00)} g6 {(
00:00)} 3. f3 {(00:00)} d5 {(07:35)} 4. cxd5 {(00:02)}
Nxd5 {(00:13)} 5. e4 {(00:08)} Nb6 {(00:19)} 6. Nc3 {
(00:16)} Bg7 {(01:23)} 7. Be3 {(01:47)} O-O {(01:
15)} 8. Qd2 {(00:09)} Nc6 {(01:42)} 9. O-O-O {(00:26)} Qd6
{(02:47)} 10. Kb1 {(03:19)} a6 {(24:55)} 11. d5 {(
09:31)} Na7 {(00:45)} 12. h4 {(08:20)} Nb5 {(03:59)} 13.
Nxb5 {(24:09)} axb5 {(01:16)} 14. Bxb5 {(00:06)} Bd7 15.
Bxd7 {(13:21)} Nc4 {(10:51)} 16. Qc1 {(00:08)} Qa6 {
(05:37)} 17. Bd4 {(05:50)} Qxa2+ {(04:16)} 18. Kc2 {
(00:01)} Ra3 {(03:30)} 19. Ba4 {(01:35)} Ne3+ {(02:
28)} 20. Bxe3 {(05:35)} Rc3+ {(00:04)} 21. Kd2 {(00:03)}
Rxc1 {(00:05)} 22. Rxc1 {(00:05)} Qxa4 {(01:16)} 23. Ne2 {
(00:25)} Bxb2 {(01:12)} 24. Rc2 {(00:36)} Qb4+ {(
00:38)} 25. Nc3 {(01:20)} Ra8 {(00:42)} 26. Bc5 {(07:21)}
Qxc5 {(01:48)} 27. Rxb2 {(00:38)} Qd4+ {(00:07)} 28. Kc2 {
(00:08)} Ra3 {(00:13)} 29. Nb1 {(01:02)} Re3 {(05:
59)} 30. Nd2 {(00:22)} Rc3+ {(01:41)} 31. Kd1 {(00:27)}
Rd3 {(00:42)} 32. Kc1 {(02:25)} Rxd2 {(00:26)} 0-1

[Event "42nd Olympiad Baku 2016 Open"]
[Site "Baku"]
[Date "2016.09.05"]
[Round "4.5"]
[White "Shrestha, Keshav"]
[Black "Lee, Jun Hyeok"]
[Result "0-1"]
[ECO "B22"]
[WhiteElo "2099"]
[BlackElo "2238"]
[Annotator ""]
[PlyCount "106"]
[EventDate "2016.??.??"]
[EventCountry "AZE"]
[SourceTitle "playchess.com"]
[Source "ChessBase"]
[WhiteTeam "Nepal"]
[BlackTeam "Korea"]
[WhiteTeamCountry "NEP"]
[BlackTeamCountry "KOR"]
[TimeControl "40/5400+30:1800+30"]

1. e4 {(00:00)} c5 {(00:00)} 2. c3 {(00:00)} Nf6 {(
00:13)} 3. e5 {(00:25)} Nd5 {(00:07)} 4. d4 {(00:26)} cxd4
{(00:04)} 5. Bc4 {(01:18)} e6 {(01:58)} 6. cxd4 {(
02:38)} d6 {(00:26)} 7. Nf3 {(02:59)} Be7 {(00:36)} 8. O-O
{(00:50)} O-O {(00:59)} 9. Bb3 {(02:45)} b6 {(03:
49)} 10. Nc3 {(01:56)} Nxc3 {(11:35)} 11. bxc3 {(00:10)}
Nc6 {(08:55)} 12. Bf4 {(06:45)} dxe5 {(03:10)} 13. Nxe5 {
(00:40)} Bb7 {(01:33)} 14. Qg4 {(04:10)} Nxe5 {(03:
56)} 15. Bxe5 {(00:31)} g6 {(05:25)} 16. Rfe1 {(04:58)}
Rc8 {(03:38)} 17. c4 {(02:54)} Bf6 {(04:53)} 18. Rad1 {
(02:46)} Bxe5 {(09:36)} 19. Rxe5 {(00:48)} Qf6 {(
03:16)} 20. Rde1 {(11:19)} Rfd8 {(01:04)} 21. Qd1 {(04:33]
} Ba6 {(03:15)} 22. Qd3 {(02:35)} Qf4 {(04:36)} 23. R5e4 {
(03:33)} Qc7 {(00:23)} 24. Rc1 {(05:25)} Qe7 {(07:
30)} 25. Ree1 {(04:07)} Qf6 {(02:15)} 26. Red1 {(02:08)}
Qh4 {(10:27)} 27. Qe3 {(01:03)} Re8 {(01:51)} 28. Qe5 {
(03:41)} Bb7 {(00:10)} 29. h3 {(02:03)} Qe7 {(02:
26)} 30. Qf4 {(04:14)} Qb4 {(00:51)} 31. h4 {(02:04)} a5 {
(01:56)} 32. h5 {(09:20)} a4 {(01:37)} 33. hxg6 {(
00:31)} hxg6 {(00:56)} 34. Bc2 {(02:19)} Rxc4 {(00:24)}
35. Qf6 {(05:28)} Qe7 {(00:33)} 36. Qf4 {(01:19)} Rec8 {
(01:17)} 37. Bd3 {(01:41)} Rxc1 {(00:04)} 38. Rxc1 {
(00:03)} Rxc1+ {(00:19)} 39. Qxc1 {(00:05)} Qd6 {(
00:35)} 40. Qc4 {(00:00)} Bc6 {(00:00)} 41. Qc3 {(06:30)}
Bd5 {(04:22)} 42. Bb5 {(09:20)} a3 {(02:08)} 43. Qd2 {
(00:33)} e5 {(04:05)} 44. Bf1 {(02:26)} exd4 {(00:
27)} 45. Qxd4 {(00:04)} Qc5 {(00:09)} 46. Qd2 {(01:53)} b5
{(00:54)} 47. Be2 {(01:36)} b4 {(01:25)} 48. Bd1 {(
00:47)} Be6 {(00:10)} 49. Ba4 {(03:02)} Qc3 {(00:52)} 50.
Qe2 {(05:16)} Qa1+ {(01:00)} 51. Kh2 {(00:08)} Qxa2 {
(00:11)} 52. Qb5 {(02:58)} Qb2 {(01:19)} 53. Qe8+ {
(01:06)} Kg7 {(00:23)} 0-1

[Event "42nd Olympiad Baku 2016 Open"]
[Site "Baku"]
[Date "2016.09.05"]
[Round "4.34"]
[White "Sikivou, Taione"]
[Black "Farazi, Khaiber"]
[Result "0-1"]
[ECO "B07"]
[WhiteElo "1812"]
[BlackElo "2097"]
[Annotator ""]
[PlyCount "70"]
[EventDate "2016.??.??"]
[EventCountry "AZE"]
[SourceTitle "playchess.com"]
[Source "ChessBase"]
[WhiteTeam "Fiji"]
[BlackTeam "Afghanistan"]
[WhiteTeamCountry "FIJ"]
[BlackTeamCountry "AFG"]
[TimeControl "40/5400+30:1800+30"]

1. e4 {(00:00)} d6 {(00:00)} 2. d4 {(01:07)} Nf6 {(
00:04)} 3. Nc3 {(00:34)} g6 {(00:08)} 4. Bc4 {(04:33)} Bg7
{(00:16)} 5. f3 {(00:56)} c6 {(01:37)} 6. a3 {(07:
07)} O-O {(01:16)} 7. Nge2 {(00:15)} b5 {(01:27)} 8. Ba2 {
(01:10)} a6 {(01:31)} 9. Be3 {(01:34)} d5 {(01:51)}
10. O-O {(04:39)} a5 {(03:06)} 11. e5 {(14:49)} Ne8 {
(01:58)} 12. Qd2 {(03:12)} Nd7 {(04:50)} 13. Nf4 {(
06:26)} Nb6 {(01:54)} 14. Nd3 {(00:07)} Nc7 {(01:25)} 15.
Nc5 {(04:43)} Ne6 {(00:53)} 16. b4 {(04:01)} a4 {(
08:41)} 17. Ne2 {(03:53)} Ra7 {(04:50)} 18. Bh6 {(03:41)}
Bxh6 {(09:07)} 19. Qxh6 {(00:07)} Ng7 {(00:42)} 20. g4 {
(04:29)} f5 {(05:57)} 21. h3 {(05:37)} Nd7 {(08:10]
} 22. Nd3 {(01:49)} Rf7 {(06:15)} 23. Nef4 {(00:55)} Nf8 {
(00:59)} 24. Nc5 {(02:09)} Nge6 {(01:52)} 25. Ncxe6 {
(02:12)} Nxe6 {(02:45)} 26. Nxe6 {(00:18)} Bxe6 {(
00:03)} 27. Rae1 {(02:10)} Qd7 {(01:31)} 28. c3 {(02:19)}
Ra8 {(01:07)} 29. Bb1 {(00:29)} Raf8 {(01:10)} 30. Bd3 {
(03:20)} fxg4 {(02:21)} 31. fxg4 {(00:54)} Bxg4 {(
01:37)} 32. hxg4 {(04:53)} Qxg4+ {(00:22)} 33. Kh1 {(00:
23)} Rf3 {(05:05)} 34. Kh2 {(04:25)} Rf2+ {(00:15)} 35.
Kh1 {(00:05)} Qg2# {(00:09] exd6} 0-1

[Event "42nd Olympiad Baku 2016 Open"]
[Site "Baku"]
[Date "2016.09.05"]
[Round "4.20"]
[White "Simutowe, Musatwe"]
[Black "Fekadu, Desalegn Jimma"]
[Result "1-0"]
[ECO "D46"]
[WhiteElo "2178"]
[BlackElo "2104"]
[Annotator ""]
[PlyCount "85"]
[EventDate "2016.??.??"]
[EventCountry "AZE"]
[SourceTitle "playchess.com"]
[Source "ChessBase"]
[WhiteTeam "Zambia"]
[BlackTeam "Ethiopia"]
[WhiteTeamCountry "ZAM"]
[BlackTeamCountry "ETH"]
[TimeControl "40/5400+30:1800+30"]

1. d4 {(00:00)} d5 {(00:00)} 2. Nf3 {(00:07)} Nf6 {
(00:07)} 3. e3 {(01:19)} e6 {(00:32)} 4. Bd3 {(00:
19)} Bd6 {(01:40)} 5. c4 {(02:31)} c6 {(00:31)} 6. Nc3 {
(00:08)} Nbd7 {(00:38)} 7. O-O {(00:12)} dxc4 {(07:
07)} 8. Bxc4 {(00:11)} e5 {(01:19)} 9. h3 {(08:13)} O-O {
(00:36)} 10. Qc2 {(00:15)} Qe7 {(00:29)} 11. Bd3 {(
13:05)} h6 {(02:00)} 12. Nh4 {(17:41)} Nb6 {(10:53)} 13.
Bf5 {(06:32)} g6 {(10:12)} 14. Bxc8 {(02:07)} Raxc8 {
(00:30)} 15. dxe5 {(00:38)} Qxe5 {(03:47)} 16. Nf3 {
(00:34)} Qh5 {(01:51)} 17. Rd1 {(01:09)} Rcd8 {(00:
36)} 18. b3 {(00:26)} Rfe8 {(03:06)} 19. Bb2 {(00:36)} Bf8
{(01:23)} 20. Ne2 {(01:45)} Bg7 {(02:27)} 21. Rxd8 {
(01:34)} Rxd8 {(00:14)} 22. Be5 {(00:22)} g5 {(08:
43)} 23. Ng3 {(06:40)} Qg6 {(00:26)} 24. Nf5 {(00:09)} Bf8
{(01:49)} 25. Bb2 {(05:22)} Nbd5 {(05:14)} 26. Rd1 {
(03:09)} Re8 {(03:39)} 27. Ne5 {(03:49)} Qh7 {(05:
55)} 28. Qb1 {(00:21)} Bb4 {(06:24)} 29. Ng4 {(06:36)}
Nxg4 {(02:56)} 30. hxg4 {(00:03)} h5 {(03:32)} 31. Rd4 {
(05:36)} hxg4 {(02:19)} 32. Rxg4 {(01:08)} Qg6 {(
02:56)} 33. Qd3 {(01:39)} Bf8 {(04:20)} 34. a3 {(05:42)}
Qh5 {(03:16)} 35. Qd4 {(01:51)} f6 {(00:35)} 36. Qc4 {
(01:19)} Kh7 {(03:25)} 37. b4 {(01:53)} Qf7 {(01:
54)} 38. Bc1 {(02:07)} Qe6 {(00:12)} 39. Ng3 {(00:45)} Nb6
{(00:26)} 40. Qd3+ {(00:00)} Kh8 {(00:00)} 41. Rd4 {
(02:32)} Nd5 {(02:04)} 42. Qg6 {(00:26)} Bg7 {(08:
47)} 43. Re4 {(01:54)} 1-0